 Dungeon Crawl Stone Soup version 0.28-a0-1447-ga5a8893891 (webtiles) character file.

Game seed: 4869650717476367187

10976 derath95 the Skirmisher (level 11, -20/84 HPs)
             Began as a Demonspawn Fighter on Jan 11, 2022.
             Was an Initiate of Yredelemnul.
             Killed by an exploding vampire mosquito (27 damage)
             ... ignited by their inner flame
             ... on level 10 of the Dungeon.
             The game lasted 00:46:14 (10513 turns).

derath95 the Skirmisher (Demonspawn Fighter)       Turns: 10513, Time: 00:46:16

Health: -20/84     AC: 16    Str: 21      XL:     11   Next: 43%
Magic:  8/20       EV: 10    Int: 14 (16) God:    Yredelemnul [......]
Gold:   649        SH:  5    Dex: 12      Spells: 22/22 levels left

rFire   . . .      SeeInvis .   E - +0 war axe (freeze)
rCold   . . .      Faith    .   c - +0 buckler
rNeg    . . .      Spirit   .   a - +1 shadow dragon scales
rPois   +          Reflect  .   (helmet restricted)
rElec   .          Harm     .   w - +1 cloak
rCorr   .          Rampage  .   (no gloves)
Will    .....                   (no boots)
Stlth   ++........              (no amulet)
HPRegen 0.24/turn               p - +6 ring of intelligence
MPRegen 0.17/turn               m - ring of poison resistance

@: no status effects
A: horns 1, repulsion field 2, ignite blood 1, spiny 2
a: Renounce Religion, Recall Undead Harvest


You were on level 10 of the Dungeon.
You worshipped Yredelemnul.
Yredelemnul was noncommittal.
You visited 2 branches of the dungeon, and saw 11 of its levels.

You collected 649 gold pieces.

Inventory:

Hand Weapons
 o - a +0 dire flail
 q - a +3 flail
 E - a +0 war axe of freezing (weapon)
Armour
 a - +1 shadow dragon scales (worn)
 c - a +0 buckler (worn)
 k - a +0 plate armour
 w - a +1 cloak (worn)
Jewellery
 m - a ring of poison resistance (right hand)
 p - a +6 ring of intelligence (left hand)
 B - a ring of magical power
Wands
 l - a wand of flame (8)
 n - a wand of paralysis (20)
 r - a wand of acid (15)
Scrolls
 f - 4 scrolls of identify
 i - 8 scrolls of teleportation
 v - 2 scrolls of blinking
 x - a scroll of fear
 y - a scroll of magic mapping
 z - a scroll of silence
 D - a scroll of fog {unknown}
Potions
 b - 2 potions of mutation
 d - 3 potions of might
 g - a potion of magic
 h - 3 potions of cancellation
 j - 2 potions of heal wounds
 s - 2 potions of flight
 t - 5 potions of curing
 u - 2 potions of resistance
 A - 2 potions of brilliance {unknown}
 C - a potion of lignification {unknown}


   Skills:
 + Level 7.6 Fighting
 + Level 6.6(7.7) Axes
 + Level 6.0(7.4) Maces & Flails
 + Level 6.9 Armour
 + Level 6.9 Shields
 + Level 6.0 Spellcasting
 + Level 3.4 Invocations
 + Level 6.3 Evocations


You had 22 spell levels left.
You didn't know any spells.
Your spell library contained the following spells:

 Spells                   Type           Power      Damage    Failure   Level
 Magic Dart               Conj           16%        1d3       83%         1
 Shock                    Conj/Air       16%        1d4       83%         1
 Call Imp                 Summ           4%         N/A       93%         2
 Sublimation of Blood     Necr           4%         N/A       93%         2
 Wereblood                Tmut           4%         N/A       93%         2
 Inner Flame              Hex/Fire       4%         N/A       99%         3
 Mephitic Cloud           Conj/Pois/Air  4%         N/A       99%         3
 Swiftness                Air            4%         N/A       99%         3
 Airstrike                Air            2%         N/A       100%        4
 Cause Fear               Hex            2%         N/A       100%        4
 Summon Hydra             Summ           2%         N/A       100%        7
 Discord                  Hex            2%         N/A       100%        8


Dungeon Overview and Level Annotations

Branches:
Dungeon (10/15)            Temple (1/1) D:6
   Lair: D:8-11         Orc: D:9-12

Altars:
Ashenzari
Cheibriados
Dithmenos
Elyvilon
Fedhas
Gozag
Hepliaklqana
Kikubaaqudgha
Makhleb
Nemelex Xobeh
Okawaru
Qazlal
Ru
Sif Muna
Trog
Uskayaw
Vehumet
Wu Jian
Xom
Yredelemnul
Zin
The Shining One

Shops:
D:2 *:*=?   D:7 =

Portals:
Abyss: D:6
Trove: D:10 (give horn of Geryon)

Annotations:
D:6 2 transporters, oldriver's ghost, novice DsCK
D:10 3 runed translucent doors, exclusion: orange crystal statue


Innate Abilities, Weirdness & Mutations

You have a pair of small horns on your head.
You are surrounded by a moderate repulsion field. (EV +3)
Your demonic aura sometimes causes spilled blood to erupt in flames.
You are mostly covered in sharp spines.


Message History

The vampire mosquito bites you but does no damage.
You block the vampire mosquito's attack.
The vampire mosquito is engulfed in blazing flames.
Flame seeps out of the vampire mosquito.
The vampire mosquito barely misses you.
The vampire mosquito is engulfed in blazing flames.
The vampire mosquito's corpse dissolves into shadows!
The vampire mosquito explodes!
The fiery explosion engulfs you!!
The fiery explosion engulfs the centaur!!
The centaur's corpse dissolves into shadows!
The fiery explosion engulfs the vampire mosquito!!!
The vampire mosquito's corpse dissolves into shadows!
The fiery explosion engulfs the kobold!!
The kobold's corpse dissolves into shadows!
The fiery explosion engulfs the kobold brigand!!
Flame seeps out of the kobold brigand.
The kobold brigand is almost dead.
The fiery explosion engulfs the vampire mosquito!!!
The vampire mosquito's corpse dissolves into shadows!
The vampire mosquito explodes!
The kobold explodes!
The vampire mosquito explodes!
The fiery explosion engulfs you!!
* * * LOW HITPOINT WARNING * * *
The fiery explosion engulfs the kobold brigand!!
The kobold brigand's corpse dissolves into shadows!
The fiery explosion engulfs the vampire mosquito!!
The vampire mosquito's corpse dissolves into shadows!
The fiery explosion engulfs the kobold!!
The kobold's corpse dissolves into shadows!
The kobold explodes!
The fiery explosion engulfs the kobold!
The kobold's corpse dissolves into shadows!
The fiery explosion engulfs the orange crystal statue!
The orange crystal statue resists.
The orange crystal statue is lightly damaged.
The kobold explodes!
The vampire mosquito explodes!
The fiery explosion engulfs you!!
You die...
Your body rises from the dead as a mindless zombie.

###........#######
###......#+#...#...#
#......###.###.....#
####....###.... ###...#
#.......#...#+#. #...#
#......##.###.### ##..#####
#......#..#§§...#. #.......
#######.....##.##§§§..##.##......
............'..'@○§8?..+..+......
.#########..##.##○§!..##.##......
.#...........#..#§§§..#. #.......
.#...........##.###§### ##.#.....
.#............#...#+#. #..#.....
.#............###.... ###..#.....
.#.<...∩........###.###....#..#'#
.###..............#+#......#..#..
...#.......................#..#..


You could see an orange crystal statue.

Vanquished Creatures
  2 two-headed ogres
  A centaur warrior (D:10)
  A cyclops (D:10)
  A kobold demonologist (D:7)
  An unseen horror (D:10)
  A polar bear (shapeshifter) (D:10)
  2 trolls
  A queen bee (shapeshifter) (D:10)
  Grinder (D:6)
  Sigmund (D:2)
  2 wyverns (D:8)
  A wraith (D:9)
  A steam dragon (D:8)
  7 yaks
  A warg (shapeshifter) (D:10)
  An acid dragon (D:8)
  3 water moccasins
  Duvessa (D:4)
  2 ice beasts (D:7)
  A sky beast (D:7)
  An orc warrior (D:8)
  2 ogres
  2 centaurs
  A phantom (D:4)
  3 kobold brigands
  2 bullfrogs
  A wyvern zombie (D:8)
  Dowan (D:4)
  9 killer bees (D:9)
  5 wights
  A howler monkey (D:6)
  A bullfrog zombie (D:6)
  A jelly (D:7)
  Crazy Yiuf (D:7)
  2 centaur zombies
  A centaur skeleton (D:7)
  3 orc priests
  A gnoll shaman (D:7)
  5 hounds
  3 iguanas
  A bullfrog skeleton (D:7)
  3 orc wizards
  2 killer bee zombies
  4 gnolls (D:7)
  2 howler monkey skeletons
  4 adders
  A worm (D:2)
  2 dart slugs (D:2)
  27 orcs
  9 ball pythons
  3 bats
  13 endoplasms
  A giant cockroach (D:3)
  8 goblins
  9 hobgoblins
  8 jackals
  20 kobolds
  5 quokkas
  2 frilled lizards
  2 kobold zombies
  8 rats
212 creatures vanquished.

Vanquished Creatures (collateral kills)
  A two-headed ogre (D:10)
  A deep elf pyromancer (D:10)
  A freezing wraith (D:10)
  A slime creature (D:10)
  A wraith (D:10)
  2 yaks
  A steam dragon (D:8)
  An orc warrior (D:8)
  A kobold brigand (D:8)
  A killer bee (D:9)
  A wight (D:8)
  A goblin (D:7)
  7 kobolds
20 creatures vanquished.

Vanquished Creatures (others)
  A spectral slime creature (D:10)
  A two-headed ogre zombie (D:10)
  A warg zombie (D:10)
  A polar bear zombie (D:10)
  3 yak zombies
  A queen bee zombie (D:10)
  A troll zombie (D:10)
  A killer bee zombie (D:9)
  2 orc zombies (D:8)
  A steam dragon zombie (D:8)
  13 kobold zombies
26 creatures vanquished.

Grand Total: 258 creatures vanquished

Notes
Turn   | Place    | Note
-------+----------+-------------------------------------------
     0 | D:1      | derath95 the Demonspawn Fighter began the quest for the
                  | Orb.
     0 | D:1      | Reached XP level 1. HP: 18/18 MP: 1/1
   209 | D:1      | Gained mutation: You are surrounded by a mild repulsion
                  | field. (EV +2) [demonic ancestry]
   209 | D:1      | Reached XP level 2. HP: 24/24 MP: 2/2
   742 | D:1      | Gained mutation: You are partially covered in sharp spines.
                  | [demonic ancestry]
   742 | D:1      | Reached XP level 3. HP: 29/29 MP: 3/3
   962 | D:2      | Found Vasustou's Assorted Antiques.
   962 | D:2      | Found Miferoeth's Book Shop.
  1001 | D:2      | Noticed Sigmund
  1021 | D:2      | Killed Sigmund
  1022 | D:2      | Reached skill level 1 in Maces & Flails
  1022 | D:2      | Reached skill level 1 in Spellcasting
  1022 | D:2      | Reached XP level 4. HP: 5/37 MP: 3/6
  1022 | D:2      | Gained mutation: Your demonic aura sometimes causes spilled
                  | blood to erupt in flames. [demonic ancestry]
  1022 | D:2      | Reached XP level 5. HP: 5/42 MP: 3/7
  1327 | D:2      | Found Jiopser's Assorted Antiques.
  1556 | D:2      | Found Iprav's Magic Scroll Shop.
  1698 | D:2      | Found Kyxkuc's Jewellery Shop.
  2365 | D:3      | Noticed an ogre
  2372 | D:3      | Killed an ogre
  2373 | D:3      | Reached skill level 4 in Fighting
  2373 | D:3      | Gained mutation: You are mostly covered in sharp spines.
                  | [demonic ancestry]
  2373 | D:3      | Reached XP level 6. HP: 36/48 MP: 8/8
  2382 | D:3      | Found a faded altar of an unknown god.
  3410 | D:4      | Noticed Duvessa
  3411 | D:4      | Found a bloodstained altar of Trog.
  3417 | D:4      | Noticed Dowan
  3421 | D:4      | Killed Duvessa
  3422 | D:4      | Reached skill level 1 in Evocations
  3422 | D:4      | Gained mutation: You have a pair of small horns on your
                  | head. [demonic ancestry]
  3422 | D:4      | Reached XP level 7. HP: 32/54 MP: 10/10
  3424 | D:4      | Killed Dowan
  3557 | D:4      | Found a shimmering blue altar of Sif Muna.
  3561 | D:4      | Got Sif Muna's Almanac of Confrontation
  3806 | D:4      | Paralysed by an orc for 6 turns
  3817 | D:4      | Paralysed by an orc for 5 turns
  4011 | D:5      | Entered Level 5 of the Dungeon
  4421 | D:5      | Found a snail-covered altar of Cheibriados.
  4477 | D:5      | Reached XP level 8. HP: 61/61 MP: 12/12
  4677 | D:6      | Noticed Grinder
  4698 | D:6      | Paralysed by Grinder for 2 turns
  4704 | D:6      | Killed Grinder
  4705 | D:6      | Reached skill level 5 in Fighting
  4755 | D:6      | Found a one-way gate to the infinite horrors of the Abyss.
  4755 | D:6      | Noticed oldriver's ghost (novice DsCK)
  4797 | D:6      | Noticed an ancient zyme
  4797 | D:6      | Noticed a brown ugly thing
  4802 | D:6      | Found a transporter.
  4834 | D:6      | Found a transporter.
  4980 | D:6      | Found a staircase to the Ecumenical Temple.
  4997 | Temple   | Entered the Ecumenical Temple
  5339 | Temple   | Became a worshipper of Yredelemnul the Dark
  5523 | D:6      | Noticed a troll
  5532 | D:6      | Killed a troll
  5813 | D:7      | Found Nijitsikhla's Jewellery Shop.
  5829 | D:7      | Reached skill level 5 in Armour
  5829 | D:7      | Reached skill level 5 in Shields
  5859 | D:7      | Gained mutation: You are surrounded by a moderate repulsion
                  | field. (EV +3) [demonic ancestry]
  5859 | D:7      | Reached XP level 9. HP: 23/68 MP: 14/14
  6130 | D:7      | Found a sacrificial altar of Ru.
  6133 | D:7      | Reached * piety under Yredelemnul
  6175 | D:7      | Reached ** piety under Yredelemnul
  6333 | D:7      | Noticed a kobold demonologist
  6339 | D:7      | Killed a kobold demonologist
  6350 | D:7      | Reached *** piety under Yredelemnul
  6397 | D:7      | Reached **** piety under Yredelemnul
  6568 | D:7      | Found a runed translucent door.
  6569 | D:7      | Noticed Crazy Yiuf
  6575 | D:7      | Killed Crazy Yiuf
  7052 | D:8      | Reached skill level 6 in Fighting
  7052 | D:8      | Reached skill level 5 in Axes
  8037 | D:8      | Reached XP level 10. HP: 56/77 MP: 17/17
  8038 | D:8      | Found an opulent altar of Gozag.
  8426 | D:9      | Reached skill level 5 in Evocations
  8428 | D:9      | Reached skill level 5 in Spellcasting
  8635 | D:9      | Reached skill level 5 in Maces & Flails
  8662 | D:9      | Noticed a two-headed ogre
  8676 | D:9      | Killed a two-headed ogre
  9167 | D:9      | Found a shimmering altar of Xom.
  9171 | D:9      | Found a stormy altar of Qazlal.
  9173 | D:9      | Found a shadowy altar of Dithmenos.
  9174 | D:9      | Found an ancient bone altar of Kikubaaqudgha.
  9176 | D:9      | Found a blossoming altar of Fedhas.
  9264 | D:10     | Entered Level 10 of the Dungeon
  9284 | D:10     | Reached skill level 7 in Fighting
  9428 | D:10     | Noticed a centaur warrior
  9436 | D:10     | Reached skill level 1 in Invocations
  9437 | D:10     | Killed a centaur warrior
  9441 | D:10     | Reached XP level 11. HP: 54/84 MP: 19/19
  9634 | D:10     | Identified the +1 scimitar of Tumult {vorpal, Str+3}
  9664 | D:10     | Noticed a deep elf pyromancer
  9669 | D:10     | Killed a deep elf pyromancer
  9683 | D:10     | Noticed a skeletal warrior
  9706 | D:10     | Noticed a two-headed ogre
  9725 | D:10     | Killed a two-headed ogre
  9882 | D:10     | Found a runed translucent door.
  9930 | D:10     | Found a runed translucent door.
  9951 | D:10     | Found a portal to a secret trove of treasure.
  9954 | D:10     | Found a runed translucent door.
  9978 | D:10     | Found a runed translucent door.
 10268 | D:10     | Noticed a two-headed ogre
 10275 | D:10     | Killed a two-headed ogre
 10422 | D:10     | Found a hide-covered altar of Uskayaw.
 10438 | D:10     | Found a sparkling altar of Nemelex Xobeh.
 10497 | D:10     | Noticed an orange crystal statue
 10513 | D:10     | Killed by an exploding vampire mosquito... ignited by their
                  | inner flame

Illustrated notes

Levels and vault maps discovered:
D:1:      lightli_molten_gateway, layout_basic, minmay_tetromino_t2
D:2:      layout_basic, serial_shops, shop, shop, shop,
          nicolae_shop_advertising_works [nicolae_subvault_shop_adworks],
          nicolae_shop_waterfront, uniq_sigmund
D:3:      layout_loops_ring, shapermc_ecumenical_altar_pompeii
D:4:      layout_rooms, nzn_overflow_gifts_of_might_and_magic
D:5:      layout_basic, cheibriados_altar_1
D:6:      layout_basic, minmay_temple_entry_junction,
          gammafunk_ghost_abyssal_escape, uniq_grinder
D:7:      layout_basic, nicolae_ru_great_annihilating_truth,
          minmay_shop_enchanted_jewellery, uniq_crazy_yiuf_cottage, uniq_duvessa
D:8:      layout_loops_cross, mainiacjoe_overflow_alcove_2
D:9:      layout_long_grid, mainiacjoe_overflow_alcove_1, minitemple,
          item_on_display_a
D:10:     minmay_cut_squares, layout_irregular_city, lemuel_tele_altar,
          nicolae_uskayaw_suspiria, enter_trove_0, minmay_statue_crystal_thing
Temple:   compressed_dpeg_triangle_lava_temple

Skill      XL: |  1  2  3  4  5  6  7  8  9 10 11 |
---------------+----------------------------------+-----
Axes           | 2 3 4 5 6 |  6.6
Armour         | 3 4 5 6 |  6.9
Shields        | 3 4 5 6 |  6.9
Maces & Flails | 1 2 3 4 5 6 |  6.0
Spellcasting   | 1 2 3 4 5 6 |  6.0
Fighting       | 4 5 6 7 |  7.6
Evocations     | 1 2 3 4 5 6 |  6.3
Invocations    | 1 3 |  3.4

Action                   |  1- 3 |  4- 6 |  7- 9 | 10-12 || total
-------------------------+-------+-------+-------+-------++-------
Melee: War axe           |    67 |    84 |   217 |   121 ||   489
       Headbutt          |       |       |    37 |    36 ||    73
Evoke: Wand              |       |       |     4 |     5 ||     9
  Use: Scroll            |       |     6 |     5 |     6 ||    17
       Potion            |       |       |     2 |     2 ||     4
 Stab: Paralysed         |       |       |     1 |    14 ||    15
       Distracted        |       |       |     1 |     1 ||     2
Armor: Scale mail        |    21 |    17 |       |       ||    38
       Plate armour      |       |     7 |   113 |    79 ||   199
       Shadow dragon sca |       |       |       |    10 ||    10
Dodge: Dodged            |    33 |    27 |    68 |    63 ||   191
Block: Buckler           |    13 |    19 |    71 |    46 ||   149

Table legend: (Time is in decaauts)
 A = Elapsed time spent in this place.
 B = Non-inter-level travel time spent in this place.
 C = Inter-level travel time spent in this place.
 D = Time resting spent in this place.
 E = Time spent auto-exploring this place.
 F = Levels seen in this place.
 G = Mean time per level.
                   A        B        C        D        E       F      G
               +--------+--------+--------+--------+--------+-----+--------+
         Total |  10665 |  10441 |    224 |     58 |   8046 |  11 |  969.5 |
       Dungeon |  10304 |  10080 |    224 |     58 |   7773 |  10 | 1030.4 |
        Temple |    360 |    360 |      0 |      0 |    273 |   1 |  360.0 |
               +--------+--------+--------+--------+--------+-----+--------+

Top non-repeatable levels by time:
     D:8: 1385 daAuts
     D:2: 1292 daAuts
    D:10: 1263 daAuts
     D:7: 1239 daAuts
     D:1: 986 daAuts
     D:4: 912 daAuts
     D:3: 891 daAuts
     D:9: 872 daAuts
     D:6: 804 daAuts
     D:5: 656 daAuts
  Temple: 360 daAuts
